 Dungeon Crawl Stone Soup version 0.29.1-13-g9f3cf754e1 (webtiles) character file.

Game seed: 9730326804161716863

580 Oxelix the Trooper (level 7, -2/117 HPs)
             Began as an Ogre Berserker on Feb 7, 2023.
             Was a Priest of Trog.
             Slain by a gnoll
             ... wielding a +0 flail
             ... led by a gnoll bouda
              (10 damage)
             ... on level 4 of the Dungeon.
             The game lasted 00:06:08 (5535 turns).

Oxelix the Trooper (Ogre Berserker)                 Turns: 5535, Time: 00:06:08

Health: -2/117     AC:  3    Str: 24    XL:     7   Next: 36%
Magic:  7/7        EV:  8    Int:  8    God:    Trog [***...]
Gold:   158        SH:  5    Dex:  8    Spells: 6/6 levels left

rFire   . . .      SeeInvis .   a - +0 hand axe
rCold   . . .      Faith    .   e - +0 kite shield
rNeg    . . .      Spirit   .   b - +0 animal skin
rPois   .          Reflect  .   (helmet restricted)
rElec   .          Harm     .   (no cloak)
rCorr   .          Rampage  .   (gloves unavailable)
Will    ++...                   (boots unavailable)
Stlth   ..........              (no amulet)
HPRegen 1.29/turn               (no ring)
MPRegen 0.10/turn               (no ring)

@: berserking, weakened, strong-willed, regenerating, very quick
A: large, unfitting armour, tough skin 1
a: Renounce Religion, Berserk, Trog's Hand


You were on level 4 of the Dungeon.
You worshipped Trog.
Trog was most pleased with you.
You visited 1 branch of the dungeon, and saw 4 of its levels.

You collected 158 gold pieces.

Inventory:

Hand Weapons
 a - a +0 hand axe (weapon)
 s - a +0 giant spiked club
Missiles
 h - 3 poisoned darts (quivered)
Armour
 b - a +0 animal skin (worn)
 e - a +0 kite shield (worn)
Jewellery
 c - an amulet of magic regeneration
 p - a +6 ring of intelligence
Scrolls
 g - a scroll of poison {unknown}
 j - 3 scrolls of teleportation {unknown}
 m - 2 scrolls of noise {unknown}
 n - 3 scrolls of identify {unknown}
 q - a scroll of immolation {unknown}
 t - a scroll of torment {unknown}
Potions
 d - 3 potions of curing {unknown}
 f - 3 potions of mutation {unknown}
 i - 2 potions of brilliance {unknown}
 k - 2 potions of lignification {unknown}
 l - a potion of flight {unknown}
 o - 2 potions of might {unknown}
 r - a potion of magic {unknown}


   Skills:
 + Level 7.0 Fighting
 * Level 7.0 Axes
 - Level 2.6 Dodging


You had 6 spell levels left.
You didn't know any spells.
Your spell library was empty.

Dungeon Overview and Level Annotations

Branches:
Dungeon (4/15)
 Temple: D:4-7

Altars:
Elyvilon
Okawaru
Qazlal
Trog
Vehumet

Shops:
D:2 (


Innate Abilities, Weirdness & Mutations

You are too large for most types of armour.
You have tough skin. (AC +1)


Message History

The gnoll hits the bush but does no damage.
The gnoll closely misses you.
You hit the gnoll but do no damage.
The gnoll is lightly wounded.
The gnoll bouda hits the bush but does no damage.
The gnoll hits the bush but does no damage.
You block the gnoll's attack. The gnoll attacks as you move away!
The gnoll closely misses you. The gnoll hits you with a +4 spear!
You hit the gnoll.
The gnoll is lightly wounded.
You hit the gnoll. The gnoll hits you with a +0 club.
The gnoll hits you with a +4 spear!
* * * LOW HITPOINT WARNING * * *
The gnoll bouda gazes fiercely through you!
You feel your attacks grow feeble. The gnoll hits you with a +4 spear!
* * * LOW HITPOINT WARNING * * *
Your skin crawls.
You feel strong-willed.
The gnoll throws a throwing net.
The throwing net barely misses you.
The gnoll bouda hits the bush but does no damage.
The gnoll misses you. The gnoll hits you with a +0 club.
* * * LOW HITPOINT WARNING * * *
A red film seems to cover your vision as you go berserk!
You feel yourself moving faster!
You feel mighty! The gnoll closely misses you.
The gnoll hits you with a +0 flail!
* * * LOW HITPOINT WARNING * * *
You block the gnoll's attack.
You closely miss the gnoll. You hit the gnoll.
You kill the gnoll!
Trog accepts your kill.
You closely miss the gnoll.
Your Axes skill increases to level 7!
You barely miss the gnoll. You slash the gnoll! You block the gnoll's attack.
The gnoll hits the bush with a +0 spear.
You hit the gnoll.
The gnoll is heavily wounded.
You slash the gnoll! You hit the gnoll. The gnoll hits you with a +0 flail!
You die...

#........# #..
#..#.#.#.# ..
#........# P .
#......######## .P #
######........#####P.PP
# ####......#...Pg.. #
#......#...PgP. #
#.....gg.....Pg #
#.....@#...PPPg #
#.....g#...g... +
#(.....#.....P. #
#.....####...P. P...
#.....#


.PPP. P.P# ........ .... ..P ......... PPPP PP ....... You could see a gnoll
bouda and 4 gnolls.

Vanquished Creatures
  An ogre (D:4)
  A phantom (D:4)
  An orc priest (D:3)
  2 hounds (D:4)
  Terence (D:2)
  Robin (D:2)
  7 gnolls
  10 adders
  2 worms
  2 dart slugs (D:3)
  12 orcs
  6 bats
  8 endoplasms
  4 giant cockroaches
  16 goblins
  10 hobgoblins
  7 kobolds
  6 quokkas
  10 ball pythons
  3 frilled lizards
  8 rats
  A butterfly (D:1)
119 creatures vanquished.

Vanquished Creatures (others)
  6 bushes (D:4)
  18 plants
24 creatures vanquished.

Grand Total: 143 creatures vanquished

Notes
Turn   | Place    | Note
-------+----------+-------------------------------------------
     0 | D:1      | Oxelix the Ogre Berserker began the quest for the Orb.
     0 | D:1      | Reached XP level 1. HP: 24/24 MP: 1/1
   193 | D:1      | Reached XP level 2. HP: 27/32 MP: 2/2
   647 | D:1      | Reached XP level 3. HP: 6/40 MP: 3/3
  1645 | D:2      | Noticed Terence
  1645 | D:2      | Found Retinut's Antique Weapon Shoppe.
  1660 | D:2      | Killed Terence
  1661 | D:2      | Reached XP level 4. HP: 17/49 MP: 4/4
  1663 | D:2      | Reached skill level 5 in Fighting
  1751 | D:2      | Reached ** piety under Trog
  2183 | D:2      | Noticed Robin
  2192 | D:2      | Reached XP level 5. HP: 36/57 MP: 5/5
  2197 | D:2      | Killed Robin
  2437 | D:2      | Reached skill level 5 in Axes
  2596 | D:2      | Found a faded altar of an unknown god.
  2647 | D:2      | Found an iron altar of Okawaru.
  3279 | D:3      | Reached XP level 6. HP: 57/67 MP: 6/6
  3932 | D:3      | Reached *** piety under Trog
  4926 | D:4      | Found a white marble altar of Elyvilon.
  4970 | D:4      | Found a radiant altar of Vehumet.
  5004 | D:4      | Reached XP level 7. HP: 63/76 MP: 7/7
  5418 | D:4      | Found a stormy altar of Qazlal.
  5433 | D:4      | Found a bloodstained altar of Trog.
  5532 | D:4      | HP: 5/117 [gnoll/+0 flail[a gnoll bouda] (9)]
  5535 | D:4      | Slain by a gnoll

Illustrated notes

Levels and vault maps discovered:
D:1:      spicycebolla_arrival_clurvy, layout_basic
D:2:      layout_rooms, chequers_ecumenical_altar_simple_redux, basic_altar,
          serial_shops, shop, serial_forest, infiniplex_forest_clump_medium,
          infiniplex_forest_corner_2, infiniplex_forest_corner_2,
          infiniplex_forest_clump_small, infiniplex_forest_lined_3,
          infiniplex_forest_clump_small, serial_bayou_crossing, uniq_terence,
          uniq_robin
D:3:      layout_loops_ring, hangedman_abyss_or_decor_lesser_grid,
          minmay_starry_boxes
D:4:      layout_gridville, lemuel_tele_altar,
          mainiacjoe_overflow_cross_hatched, kennysheep_mini,
          grunt_temple_overflow_open, serial_glass, glass_columns_b,
          glass_columns_c, due_unseen_surprise, minmay_hedge_maze, st_stairs_11,
          minmay_checkerbox

Skill      XL: |  1  2  3  4  5  6  7 |
---------------+----------------------+-----
Axes           | 4 5 6 7 |  7.0
Fighting       | 5 6 7 |  7.0
Dodging        | |  2.6

Action                   |  1- 3 |  4- 6 |  7- 9 || total
-------------------------+-------+-------+-------++-------
Melee: Hand axe          |    99 |   226 |    44 ||   369
Invok: Berserk           |     3 |     6 |     1 ||    10
       Trog's Hand       |       |       |     1 ||     1
Armor: Animal skin       |    26 |    42 |    10 ||    78
Dodge: Dodged            |    53 |    76 |    16 ||   145
Block: Kite shield       |     5 |    55 |    11 ||    71
